 Dungeon Crawl Stone Soup version 0.25.0-26-g0c896c7088 (webtiles) character file.

Game seed: 6278998942348900275

601 Revguard the Slasher (level 7, -16/51 HPs)
             Began as a Demonspawn Gladiator on July 5, 2020.
             Killed from afar by a ynoxinul (34 damage)
             ... with an iron shot
             ... on level 2 of the Abyss.
             The game lasted 00:11:02 (4851 turns).

Revguard the Slasher (Demonspawn Gladiator)         Turns: 4851, Time: 00:11:03

Health: -16/51     AC:  3    Str: 14    XL:     7   Next: 18%
Magic:  8/8        EV: 13    Int: 11    God:
Gold:   250        SH:  5    Dex: 15    Spells: 8/8 levels left

rFire    . . .     SeeInvis .   a - +0 long sword
rCold    . . .     Gourm    .   (no shield)
rNeg     + . .     Faith    .   b - +0 leather armour
rPois    .         Spirit   .   (helmet restricted)
rElec    .         Reflect  +   (no cloak)
rCorr    .         Harm     .   (no gloves)
MR       .....                  (no boots)
Stlth    +++++.....             n - amulet of reflection
HPRegen  0.17/turn              e - ring of stealth
MPRegen  0.11/turn              i - ring of positive energy

@: hasted, very quick
A: antennae 1, hooves 2, nightstalker 2
a: no special abilities


You were on level 2 of the Abyss.
You were not hungry.

You visited 1 branch of the dungeon, and saw 5 of its levels.
You visited the Abyss 1 time.

You collected 250 gold pieces.

Inventory:

Hand Weapons
 a - a +0 long sword (weapon)
 s - a +0 dagger of chaos
Missiles
 d - 3 throwing nets (quivered)
Armour
 b - a +0 leather armour (worn)
 c - a +0 helmet
Jewellery
 e - a ring of stealth (left hand)
 i - a ring of positive energy (right hand)
 n - an amulet of reflection (around neck)
Scrolls
 g - a scroll of fog {unknown}
 h - 5 scrolls of remove curse
 j - 2 scrolls of enchant armour {unknown}
 m - a scroll of teleportation {unknown}
 p - a scroll of fear {unknown}
Potions
 l - a potion of flight
Comestibles
 f - 7 rations
 k - a chunk of flesh


   Skills:
 + Level 2.9 Fighting
 + Level 1.1(3.1) Short Blades
 + Level 4.6(4.7) Long Blades
 + Level 1.9 Throwing
 * Level 3.1 Armour
 + Level 3.3 Dodging
 * Level 3.3 Stealth
 + Level 1.0 Spellcasting


You had 8 spell levels left.
You didn't know any spells.
Your spell library was empty.

Dungeon Overview and Level Annotations

Branches:
Dungeon (4/15)
 Temple: D:4-7

Altars:
Ashenzari
Fedhas
Makhleb
Okawaru
Ru
Vehumet
Xom

Annotations:
D:6 Maggie


Innate Abilities, Weirdness & Mutations

You have a pair of small antennae on your head.
You have hoof-like feet.
You are significantly more attuned to the shadows.


Message History

The iron imp grinds its teeth.
The iron imp hits you. The iron imp hits you!
The iron imp shouts, "Take thy face hence, thou pox-marked motley-minded fustilarian!"
Your extra speed is starting to run out.
A ynoxinul comes into view.
The ynoxinul hits you. The ynoxinul gestures at you. The iron shot misses you.
You feel yourself slow down.
Found a chain mail and a potion of flight.
Found a potion of haste and a ration.
o - a potion of haste
There are no items here.
You feel yourself speed up.
The ynoxinul gestures.
The ynoxinul gestures at you. The iron shot hits you!!
Ouch! That really hurt!
You die...

. ##.#.#.#. ..
. #
.....##3......
###..5#
....... .
#..#.5.######.
#..5.#.##..# #
#..##.3#....#
.# #....#..#
#......#
#[..@!#.#
##%.##..#
#.#.# #..#
..#### .. .. .


You could see a ynoxinul and 2 ufetubi.

Vanquished Creatures
  An orc warrior (D:3)
  An ogre (D:6)
  A wyvern zombie (D:4)
  A crimson imp (D:4)
  3 hounds (D:4)
  A centaur skeleton (D:4)
  2 worker ants (D:4)
  2 gnolls (D:3)
  4 adders
  An ooze (D:1)
  2 worms (D:3)
  2 dart slugs
  5 leopard geckos
  4 orcs (D:3)
  6 giant cockroaches
  6 goblins
  9 hobgoblins
  10 jackals
  9 kobolds
  3 quokkas
  8 bats
  6 frilled lizards
  4 rats
91 creatures vanquished.

Notes
Turn   | Place    | Note
-------+----------+-------------------------------------------
     0 | D:1      | Revguard the Demonspawn Gladiator began the quest for the
                  | Orb.
     0 | D:1      | Reached XP level 1. HP: 16/16 MP: 1/1
   396 | D:1      | Gained mutation: You are slightly more attuned to the
                  | shadows. [demonic ancestry]
   396 | D:1      | Reached XP level 2. HP: 19/22 MP: 2/2
   711 | D:1      | Reached skill level 3 in Long Blades
   925 | D:2      | Found a shattered altar of Ashenzari.
   957 | D:2      | Reached skill level 1 in Armour
   983 | D:2      | Gained mutation: You have large cloven feet. [demonic
                  | ancestry]
   983 | D:2      | Reached XP level 3. HP: 22/27 MP: 3/3
  1090 | D:2      | Found a radiant altar of Vehumet.
  1879 | D:3      | Gained mutation: You are significantly more attuned to the
                  | shadows. [demonic ancestry]
  1879 | D:3      | Reached XP level 4. HP: 31/33 MP: 5/5
  2001 | D:3      | Noticed an orc warrior
  2754 | D:3      | Reached skill level 1 in Spellcasting
  2885 | D:3      | Reached skill level 1 in Stealth
  3339 | D:3      | Found an iron altar of Okawaru.
  3343 | D:3      | Reached XP level 5. HP: 38/38 MP: 6/6
  3512 | D:3      | Killed an orc warrior
  3512 | D:3      | Reached skill level 4 in Long Blades
  3791 | D:4      | Found a blossoming altar of Fedhas.
  3994 | D:4      | Gained mutation: You have a pair of small antennae on your
                  | head. [demonic ancestry]
  3994 | D:4      | Reached XP level 6. HP: 29/46 MP: 7/7
  4626 | D:4      | Found a burning altar of Makhleb.
  4627 | D:4      | Found a shimmering altar of Xom.
  4704 | D:4      | Found a sacrificial altar of Ru.
  4727 | D:4      | Reached skill level 1 in Short Blades
  4743 | D:4      | Gained mutation: You have hoof-like feet. [demonic
                  | ancestry]
  4743 | D:4      | Reached XP level 7. HP: 51/51 MP: 8/8
  4747 | D:4      | You fall into a shaft and drop 2 floors!
  4754 | D:6      | Noticed Maggie
  4764 | D:6      | Cast into level 2 of the Abyss (Maggie)
  4781 | Abyss:2  | Noticed a ynoxinul
  4793 | Abyss:2  | Noticed an apocalypse crab
  4799 | Abyss:2  | Noticed a chaos spawn
  4808 | Abyss:2  | Noticed a worldbinder
  4828 | Abyss:2  | Noticed a chaos spawn
  4837 | Abyss:2  | Noticed a ynoxinul
  4851 | Abyss:2  | Killed from afar by a ynoxinul

Illustrated notes

Levels and vault maps discovered:
D:1:      dpeg_arrival_long_road, layout_basic, minmay_door_square
D:2:      layout_rooms, ashenzari_conservatory_becter, old_standard_altar,
          minmay_octomino_j4
D:3:      minmay_evil_eye, layout_basic, okawaru_altar_gauntlet_db
D:4:      layout_gridville, grunt_temple_overflow_champion_of_chaos,
          hangedman_ru_absence, lemuel_crystal_altar, fedhas_altar_3,
          first_ration
D:6:      layout_cave_pools, grunt_gozag_breadcrumbs, ebering_ghost_sewer_f,
          basic_altar, minmay_microvault, uniq_maggie
Abyss:2:  base:
D:3

Skill      XL: |  1  2  3  4  5  6 |
---------------+-------------------+-----
Long Blades    | 3 4 |  4.6
Armour         | 1 2 3 |  3.1
Dodging        | 3 |  3.3
Spellcasting   | 1 |  1.0
Stealth        | 1 2 3 |  3.3
Short Blades   | 1 |  1.1
Fighting       | |  2.9
Throwing       | |  1.9

Action                   |  1- 3 |  4- 6 |  7- 9 || total
-------------------------+-------+-------+-------++-------
Melee: Long sword        |    75 |   108 |    11 ||   194
       Kick              |    12 |    30 |     3 ||    45
       Dagger            |     5 |    20 |       ||    25
  Use: Scroll            |     3 |     2 |     1 ||     6
       Potion            |     1 |     2 |     2 ||     5
 Stab: Sleeping          |     4 |    14 |       ||    18
       Distracted        |       |     1 |       ||     1
  Eat: Chunk             |     3 |     9 |       ||    12
Armor: Leather armour    |    31 |    23 |       ||    54
Dodge: Dodged            |    88 |    60 |     8 ||   156
Block: Other             |    15 |    28 |     2 ||    45
       Reflection        |       |     1 |       ||     1
       Rpst.: Long sword |    31 |    15 |     1 ||    47
